 Dungeon Crawl Stone Soup version 0.30-a0-956-gcec3b41aec (webtiles) character file.

Game seed: 4251162504211456889

77935 Shard1697 the Stickfighter (level 16, -2/122 HPs)
             Began as a Formicid Fighter on Mar 29, 2023.
             Was the Champion of Okawaru.
             Slain by a naga warrior
             ... wielding a +0 trident
              (34 damage)
             ... on level 3 of the Snake Pit.
             The game lasted 00:30:40 (16825 turns).

Shard1697 the Stickfighter (Formicid Fighter)      Turns: 16825, Time: 00:30:41

Health: -2/122     AC: 17    Str: 27    XL:     16   Next: 6%
Magic:  24/24      EV:  7    Int: 13    God:    Okawaru [******]
Gold:   1142       SH: 31    Dex: 13    Spells: 15/15 levels left

rFire   + + .      SeeInvis +    a - +6 lajatang (vamp)
rCold   . . .      Faith    +    K - +18 shield of the Gong {Loud rN+ Will+ rCorr EV-5}
rNeg    + . .      Spirit   .    N - +0 chain mail of Fortitude {Will+ Int+3 Slay+3}
rPois   +          Reflect  .    (helmet unavailable)
rElec   +          Rampage  .    u - +0 cloak
rCorr   +                        E - +0 pair of gloves of the Tuna {rPois rF+ rC+}
Will    +++..                    R - +1 pair of boots {Fly} Stlth
                                 w - amulet of faith
HPRegen 0.40/turn                k - +5 ring of evasion
MPRegen 0.19/turn                z - ring "Tacrais" {Fire rElec rPois SInv Stlth-}

@: weakened, flying, constricted
A: permanent stasis, dig shafts and tunnels, antennae 3, four strong arms
a: Dig, Shaft Self, Renounce Religion, Heroism, Finesse, Duel


You were on level 3 of the Snake Pit.
You worshipped Okawaru.
Okawaru was exalted by your worship.
You visited 5 branches of the dungeon, and saw 20 of its levels.

You collected 2342 gold pieces.
You spent 1200 gold pieces at shops.

Inventory:

Hand Weapons
 a - a +6 vampiric lajatang (weapon)
 b - a +2 eveningstar of draining
Missiles
 j - a throwing net
 o - 4 curare-tipped darts
 S - 2 silver javelins
Armour
 u - a +0 cloak (worn)
 E - the +0 pair of gloves of the Tuna (worn) {rPois rF+ rC+}
   (You found it on level 7 of the Dungeon)

   rF:        It protects you from fire.
   rC:        It protects you from cold.
   rPois:     It protects you from poison.
 J - +0 acid dragon scales
 K - the +18 shield of the Gong (worn) {Loud rN+ Will+ rCorr EV-5}
   (You found it on level 10 of the Dungeon)

   Loud:      It is deafeningly noisy when blocking attacks.
   EV:        It affects your evasion (-5).
   rN:        It protects you from negative energy.
   rCorr:     It protects you from acid and corrosion.
   Will:      It increases your willpower.
 N - the +0 chain mail of Fortitude (worn) {Will+ Int+3 Slay+3}
   (You bought it in a shop on level 2 of the Orcish Mines)

   Int:       It affects your intelligence (+3).
   Slay:      It affects your accuracy & damage with ranged weapons and melee
   (+3).
   Will:      It increases your willpower.
 R - a +1 pair of boots of flying (worn)
Jewellery
 k - a +5 ring of evasion (left hand)
 r - a ring of protection from cold
 s - a +5 ring of evasion
 w - an amulet of faith (around neck)
 z - the ring "Tacrais" (right hand) {Fire rElec rPois SInv Stlth-}
   (You found it on level 4 of the Dungeon)

   [ring of fire]

   It enhances your fire magic.
   rF:        It protects you from fire.
   rC:        It makes you vulnerable to cold.
   rElec:     It insulates you from electricity.
   rPois:     It protects you from poison.
   SInv:      It lets you see invisible.
   Stlth:     It makes you less stealthy.
 O - an amulet of reflection
 Q - a ring of flight
Wands
 c - a wand of light (7)
 h - a wand of mindburst (7)
 l - a wand of polymorph (13)
 p - a wand of digging (3)
 q - a wand of roots (25)
 v - a wand of flame (40)
 G - a wand of paralysis (19)
Scrolls
 g - 7 scrolls of immolation
 i - 2 scrolls of fear
 n - 7 scrolls of amnesia
 x - 3 scrolls of summoning
 y - 5 scrolls of poison
 A - 2 scrolls of magic mapping
 B - 7 scrolls of identify
 F - a scroll of enchant armour
 H - a scroll of enchant weapon
 L - a scroll of fog
 P - a scroll of brand weapon
Potions
 d - a potion of lignification
 e - 3 potions of curing
 f - a potion of invisibility
 m - 4 potions of flight
 t - 4 potions of attraction
 C - 6 potions of heal wounds
 D - a potion of brilliance
 I - 2 potions of magic
 M - a potion of mutation
 T - 2 potions of resistance
 U - a potion of cancellation
 V - a potion of degeneration {unknown}


   Skills:
 - Level 10.0 Fighting
 - Level 8.4 Axes
 * Level 16.8 Staves
 + Level 10.4 Armour
 + Level 6.3 Dodging
 + Level 14.1 Shields
 + Level 11.8 Invocations


You had 15 spell levels left.
You didn't know any spells.
Your spell library contained the following spells:

 Spells                   Type           Power      Damage    Failure   Level
 Apportation              Tloc           0%         N/A       91%         1
 Magic Dart               Conj           0%         1d3       91%         1
 Lesser Beckoning         Tloc           0%         N/A       97%         2
 Scorch                   Fire           0%         2d5       97%         2
 Searing Ray              Conj           0%         2d4       97%         2
 Gell's Gravitas          Tloc           0%         N/A       100%        3
 Hailstorm                Conj/Ice       0%         3d3       100%        3
 Ignite Poison            Fire/Tmut/Pois 0%         N/A       100%        3
 Kindle Blastsparks       Fire/Tloc/Air  0%         2d10      100%        3
 Ozocubu's Armour         Ice            0%         N/A       100%        3
 Portal Projectile        Hex/Tloc       0%         N/A       100%        3
 Teleport Other           Tloc           0%         N/A       100%        3
 Flame Wave               Conj/Fire      0%         2d4       100%        4
 Fulminant Prism          Conj/Hex       0%         3d5       100%        4
 Ice Form                 Ice/Tmut       0%         N/A       100%        4
 Alistair's Intoxication  Tmut/Pois      0%         N/A       100%        5
 Blade Hands              Tmut           0%         N/A       100%        5
 Borgnjor's Vile Clutch   Necr/Erth      0%         N/A       100%        5
 Freezing Cloud           Conj/Ice/Air   0%         6-21      100%        5
 Metabolic Englaciation   Hex/Ice        0%         N/A       100%        5
 Tukima's Dance           Hex            Unusable   N/A       N/A         3
 Animate Dead             Necr           Unusable   N/A       N/A         4
 Death Channel            Necr           Unusable   N/A       N/A         6
 Simulacrum               Ice/Necr       Unusable   N/A       N/A         6
 Summon Cactus Giant      Summ           Unusable   N/A       N/A         6

Dungeon Overview and Level Annotations

Branches:
Dungeon (11/15)            Temple (1/1) D:6            Lair (3/5) D:8
  Swamp (0/4) Lair:3        Snake (3/4) Lair:3          Orc (2/2) D:11
    Elf (0/3) Orc:2

Altars:
Ashenzari
Cheibriados
Dithmenos
Elyvilon
Fedhas
Gozag
Hepliaklqana
Kikubaaqudgha
Makhleb
Nemelex Xobeh
Okawaru
Qazlal
Ru
Sif Muna
Trog
Uskayaw
Vehumet
Wu Jian
Xom
Yredelemnul
Zin
The Shining One

Shops:
D:1 [   D:5 ?   D:11 (   Orc:1 *   Orc:2 [(:*

Annotations:
D:4 2 runed translucent doors
D:9 1 runed translucent door


Innate Abilities, Weirdness & Mutations

You cannot be hasted, slowed, berserked, paralysed or teleported.
You can dig through walls and to a lower floor.
You have a pair of large antennae on your head. (SInv)
Your four strong arms can wield two-handed weapons with a shield.


Message History

You block the naga warrior's attack.
BONNNG!
You block the naga warrior's attack.
GONNNNG!
The naga warrior hits you from afar with a +0 trident!!
The black mamba closely misses you.
You hear a shout! x2; You hear an angry hiss.
You closely miss the naga warrior.
The naga warrior is almost dead.
You block the black mamba's attack.
PANG!
The naga warrior spits poison at you. You block the splash of poison.
BOUMMMMG!
You block the naga warrior's attack.
BONNNG!
You hear an angry hiss. x2
You closely miss the naga warrior.
The naga warrior is almost dead.
You block the black mamba's attack.
GONNNNG!
The naga warrior hits you but does no damage.
The naga warrior grabs you. The naga warrior constricts you.
You hear an angry hiss. x3
You barely miss the naga warrior.
The naga warrior is almost dead.
You block the black mamba's attack.
BOUMMMMG!
The naga warrior hits you from afar with a +0 trident!
A salamander comes into view.
The black mamba bites you.
The naga warrior hits you with a +0 war axe!!
The naga warrior constricts you.
* * * LOW HITPOINT WARNING * * *
You hear a shout! x2
You hit the naga warrior.
The naga warrior is almost dead.
You block the black mamba's attack.
GONNNNG!
The naga warrior hits you from afar with a +0 trident!!
You die...

######
#....########
+.[..........
#............
#.........#
#.........#
#...N.#
#<...†#
#...@N#
##.S### #....
#.N### { #..#
{ #... N..##
...


You could see 2 naga warriors, a salamander, a black mamba and a naga.

Vanquished Creatures
  Jorgrun (Orc:1)
  2 nagarajas
  An orc warlord (Orc:1)
  Snorg (D:10)
  Fannar (Lair:1)
  A salamander tyrant (Snake:3)
  Erolcha (Orc:2)
  2 hydras (Lair:2)
  4 anacondas (Snake:1)
  A boulder beetle (Lair:2)
  7 two-headed ogres
  5 naga warriors
  An orc high priest (Orc:1)
  Urug (Lair:2)
  7 naga sharpshooters
  3 shock serpents
  Amaemon (D:8)
  5 skeletal warriors (D:11)
  3 naga ritualists
  4 orc knights
  Pikel (D:4)
  An oklob plant (Lair:2)
  5 mana vipers
  3 orc sorcerers
  6 salamanders
  Joseph (D:7)
  2 guardian serpents
  4 naga magi (Snake:1)
  21 black mambas
  A torpor snail (Lair:1)
  An unseen horror (D:10)
  6 cane toads
  Maggie (D:7)
  An orange demon (D:8)
  6 komodo dragons
  2 rime drakes
  5 polar bears
  A queen bee (D:9)
  5 trolls
  Grinder (D:3)
  A hornet (D:10)
  10 blink frogs
  Sigmund (D:2)
  2 shadows
  A vampire (D:9)
  3 wyverns
  29 yaks
  2 wraiths (D:11)
  7 vampire mosquitoes
  2 steam dragons
  4 wargs
  4 acid dragons
  16 nagas
  13 water moccasins
  29 orc warriors
  An ice beast (D:7)
  3 sky beasts
  9 black bears
  19 wolves
  9 centaurs
  7 ogres
  2 lemures (D:4)
  A phantom (D:5)
  6 kobold brigands
  Blork the orc (Orc:2)
  5 bullfrogs
  5 gnoll sergeants
  2 scorpions
  7 wights
  23 killer bees
  5 howler monkeys
  An electric eel (Lair:3)
  3 hounds
  8 jellies
  Crazy Yiuf (D:4)
  3 gnoll boudas
  23 orc priests
  7 iguanas
  2 sleepcaps
  22 orc wizards
  Natasha (thrice) (D:2)
  Ijyb (D:4)
  26 gnolls
  5 adders
  2 shadow imps
  An ufetubus (D:5)
  2 worms
  4 dart slugs
  74 orcs
  9 ball pythons
  5 bats
  27 endoplasms
  5 giant cockroaches
  9 goblins
  9 hobgoblins
  9 jackals
  24 kobolds
  3 quokkas
  A frilled lizard (D:1)
  7 rats
651 creatures vanquished.

Vanquished Creatures (others)
  48 fungi
  30 plants
78 creatures vanquished.

Grand Total: 729 creatures vanquished

Notes
Turn   | Place    | Note
-------+----------+-------------------------------------------
     0 | D:1      | Shard1697 the Formicid Fighter began the quest for the Orb.
     0 | D:1      | Reached XP level 1. HP: 18/18 MP: 1/1
   198 | D:1      | Reached XP level 2. HP: 20/24 MP: 2/2
   422 | D:1      | Found a faded altar of an unknown god.
   609 | D:1      | Reached XP level 3. HP: 29/29 MP: 3/3
   717 | D:1      | Found Tituujyn's Antique Armour Shoppe.
  1090 | D:2      | Noticed Sigmund
  1108 | D:2      | Killed Sigmund
  1109 | D:2      | Reached skill level 5 in Axes
  1109 | D:2      | Reached XP level 4. HP: 15/35 MP: 4/4
  1109 | D:2      | Reached XP level 5. HP: 18/41 MP: 5/5
  1109 | D:2      | Reached XP level 6. HP: 21/47 MP: 6/6
  1115 | D:2      | Noticed Natasha
  1122 | D:2      | Killed Natasha
  1211 | D:2      | Noticed Natasha
  1219 | D:2      | Killed Natasha
  1304 | D:2      | Noticed Natasha
  1324 | D:2      | Killed Natasha
  1724 | D:3      | Identified the +1 flail of Dapirgheokk {spect, rElec Dex+4}
  1754 | D:3      | Found a sparkling altar of Nemelex Xobeh.
  1823 | D:3      | Found a large runed translucent door.
  1824 | D:3      | Found a large runed translucent door.
  1860 | D:3      | Found a hide-covered altar of Uskayaw.
  1868 | D:3      | Found a shimmering altar of Xom.
  1971 | D:3      | Noticed Grinder
  1987 | D:3      | Killed Grinder
  1988 | D:3      | Reached XP level 7. HP: 9/52 MP: 7/7
  2290 | D:4      | Noticed Ijyb
  2302 | D:4      | Killed Ijyb
  2341 | D:4      | Found a large runed translucent door.
  2341 | D:4      | Found a large runed translucent door.
  2480 | D:4      | Reached XP level 8. HP: 60/60 MP: 8/8
  2509 | D:4      | Found a large runed translucent door.
  2509 | D:4      | Found a large runed translucent door.
  2584 | D:4      | Reached skill level 1 in Staves
  2635 | D:4      | Reached skill level 2 in Staves
  2644 | D:4      | Noticed Pikel
  2653 | D:4      | Killed Pikel
  2654 | D:4      | Reached skill level 5 in Staves
  2654 | D:4      | Reached XP level 9. HP: 64/66 MP: 9/9
  2657 | D:4      | Reached skill level 6 in Staves
  2677 | D:4      | Identified the ring "Tacrais" {Fire rElec rPois SInv
                  | Stlth-}
  2917 | D:4      | Found a runed translucent door.
  2918 | D:4      | Noticed Crazy Yiuf
  2972 | D:4      | Killed Crazy Yiuf
  3106 | D:5      | Entered Level 5 of the Dungeon
  3146 | D:5      | Reached skill level 7 in Staves
  3473 | D:5      | Reached skill level 8 in Staves
  3696 | D:5      | Found Mebykhluu's Magic Scroll Emporium.
  3701 | D:5      | Bought a scroll of magic mapping for 112 gold pieces
  3701 | D:5      | Bought a scroll of identify for 30 gold pieces
  3701 | D:5      | Bought a scroll of identify for 30 gold pieces
  4077 | D:6      | Found a staircase to the Ecumenical Temple.
  4120 | Temple   | Entered the Ecumenical Temple
  4174 | Temple   | Became a worshipper of Warmaster Okawaru
  4197 | D:6      | Reached skill level 5 in Fighting
  4410 | D:6      | Reached XP level 10. HP: 66/74 MP: 10/10
  4412 | D:6      | Reached skill level 9 in Staves
  4414 | D:6      | Reached skill level 5 in Shields
  4848 | D:7      | Reached * piety under Okawaru
  4920 | D:7      | Found a glowing silver altar of Zin.
  5037 | D:7      | Identified the +0 pair of gloves of the Tuna {rPois rF+
                  | rC+}
  5049 | D:7      | Found a white marble altar of Elyvilon.
  5250 | D:7      | Noticed Maggie
  5260 | D:7      | Killed Maggie
  5260 | D:7      | Reached ** piety under Okawaru
  5383 | D:7      | Reached skill level 1 in Invocations
  5415 | D:7      | Noticed Joseph
  5428 | D:7      | Killed Joseph
  5429 | D:7      | Reached skill level 10 in Staves
  5643 | D:7      | Found a radiant altar of Vehumet.
  5791 | D:8      | Noticed a two-headed ogre
  5797 | D:8      | Killed a two-headed ogre
  6062 | D:8      | Reached *** piety under Okawaru
  6063 | D:8      | Reached XP level 11. HP: 86/86 MP: 12/12
  6072 | D:8      | Noticed Amaemon
  6100 | D:8      | Killed Amaemon
  6617 | D:8      | Reached **** piety under Okawaru
  6629 | D:8      | Found a staircase to the Lair.
  6736 | D:9      | Reached skill level 11 in Staves
  6773 | D:9      | Reached ***** piety under Okawaru
  6851 | D:9      | Noticed a two-headed ogre
  6861 | D:9      | Killed a two-headed ogre
  7235 | D:9      | Found a runed translucent door.
  7293 | D:9      | Reached skill level 5 in Invocations
  7388 | D:9      | Found a runed translucent door.
  7438 | D:9      | Reached skill level 10 in Fighting
  7562 | D:9      | Reached XP level 12. HP: 60/97 MP: 12/15
  7562 | D:9      | Noticed a two-headed ogre
  7563 | D:9      | Received a gift from Okawaru
  7570 | D:9      | Killed a two-headed ogre
  7662 | D:9      | Reached skill level 12 in Staves
  7885 | D:10     | Entered Level 10 of the Dungeon
  7944 | D:10     | Noticed a two-headed ogre
  7950 | D:10     | Noticed Snorg
  7952 | D:10     | Killed a two-headed ogre
  7963 | D:10     | Killed Snorg
  8107 | D:10     | Found the +18 shield of the Gong {Loud rN+ Will+ rCorr
                  | EV-5}
  8659 | D:11     | Reached skill level 5 in Armour
  8686 | D:11     | Received a gift from Okawaru
  8830 | D:11     | Found Tostaeh's Firing Range.
  8866 | D:11     | Noticed a skeletal warrior
  8866 | D:11     | Noticed a two-headed ogre
  8867 | D:11     | Noticed a skeletal warrior
  8873 | D:11     | Killed a two-headed ogre
  8875 | D:11     | Noticed a skeletal warrior
  8876 | D:11     | Noticed a skeletal warrior
  8876 | D:11     | Noticed a skeletal warrior
  8881 | D:11     | Noticed a two-headed ogre
  8890 | D:11     | Killed a skeletal warrior
  8891 | D:11     | Reached skill level 10 in Shields
  8898 | D:11     | Killed a skeletal warrior
  8899 | D:11     | Reached skill level 13 in Staves
  8906 | D:11     | Killed a skeletal warrior
  8911 | D:11     | Killed a two-headed ogre
  8911 | D:11     | Reached ****** piety under Okawaru
  8911 | D:11     | Received a gift from Okawaru
  8912 | D:11     | Reached XP level 13. HP: 82/103 MP: 13/18
  9303 | D:11     | Found a staircase to the Orcish Mines.
  9614 | Orc:1    | Entered Level 1 of the Orcish Mines
  9647 | Orc:1    | Found Juaradoi's General Store.
  9655 | Orc:1    | Bought a potion of mutation for 112 gold pieces
  9738 | Orc:2    | Entered Level 2 of the Orcish Mines
  9738 | Orc:2    | Noticed Erolcha
  9749 | Orc:2    | Killed Erolcha
  9797 | Orc:1    | Noticed Jorgrun
  9818 | Orc:1    | Killed Jorgrun
  9819 | Orc:1    | Reached skill level 14 in Staves
 10005 | Orc:2    | Reached skill level 1 in Dodging
 10138 | Orc:2    | Received a gift from Okawaru
 10361 | Orc:2    | Noticed an orc warlord
 10361 | Orc:2    | Noticed Blork the orc
 10804 | Orc:2    | Killed Blork the orc
 10896 | Orc:1    | Killed an orc warlord
 10958 | Orc:2    | Received a gift from Okawaru
 10984 | Orc:2    | Found Beph's Book Emporium.
 11021 | Orc:2    | Found Zopyask's Antique Armour Emporium.
 11029 | Orc:2    | Bought a pair of glowing boots for 172 gold pieces
 11034 | Orc:2    | Bought a bronze chain mail for 218 gold pieces
 11034 | Orc:2    | Identified the +0 chain mail of the Ecumenical Temple
                  | {Rampage Int+4} (You bought it in a shop on level 2 of the
                  | Orcish Mines)
 11037 | Orc:2    | Bought a masterwork chain mail for 218 gold pieces
 11037 | Orc:2    | Identified the +0 chain mail of Fortitude {Will+ Int+3
                  | Slay+3} (You bought it in a shop on level 2 of the Orcish
                  | Mines)
 11050 | Orc:2    | Bought a topaz-encrusted chain mail for 218 gold pieces
 11050 | Orc:2    | Identified the +0 chain mail of the Lobster {rC+} (You
                  | bought it in a shop on level 2 of the Orcish Mines)
 11067 | Orc:2    | Found Vical's Antique Weapon Emporium.
 11082 | Orc:2    | Found Itzap's General Store.
 11090 | Orc:2    | Bought a potion of heal wounds for 90 gold pieces
 11298 | Orc:2    | Reached XP level 14. HP: 110/110 MP: 20/20
 11446 | Orc:2    | Found a staircase to the Elven Halls.
 11631 | Lair:1   | Entered Level 1 of the Lair of Beasts
 11753 | Lair:1   | Noticed Fannar
 11780 | Lair:1   | Killed Fannar
 12569 | Lair:1   | Identified the +1 chain mail of Weirdness {Fly rN+ Str+3}
                  | (Okawaru gifted it to you on level 1 of the Lair of Beasts)
 12569 | Lair:1   | Received a gift from Okawaru
 12935 | Lair:2   | Noticed Urug
 12950 | Lair:2   | Killed Urug
 12951 | Lair:2   | Reached skill level 15 in Staves
 13023 | Lair:2   | Reached skill level 10 in Invocations
 13767 | Lair:3   | Found a staircase to the Swamp.
 13993 | Lair:3   | Received a gift from Okawaru
 14445 | Lair:3   | Found a staircase to the Snake Pit.
 14459 | Snake:1  | Entered Level 1 of the Snake Pit
 14486 | Snake:1  | Reached XP level 15. HP: 69/115 MP: 19/22
 14631 | Snake:1  | Reached skill level 5 in Dodging
 14695 | Snake:1  | Reached skill level 16 in Staves
 14866 | Snake:1  | Received a gift from Okawaru
 14927 | Snake:1  | Identified the +0 kite shield of the True Pharaoh {Rampage
                  | Fly rF+ Dex+3} (Okawaru gifted it to you on level 1 of the
                  | Snake Pit)
 14927 | Snake:1  | Received a gift from Okawaru
 15186 | Snake:1  | Reached skill level 10 in Armour
 15231 | Snake:1  | Noticed a nagaraja
 15240 | Snake:1  | Killed a nagaraja
 16132 | Snake:2  | Received a gift from Okawaru
 16222 | Snake:2  | Noticed a nagaraja
 16260 | Snake:2  | Killed a nagaraja
 16578 | Snake:2  | Reached XP level 16. HP: 122/122 MP: 24/24
 16825 | Snake:3  | Slain by a naga warrior

Illustrated notes

Levels and vault maps discovered:
D:1:      roderic_octagonal_star, layout_basic,
          shapermc_ecumenical_altar_mp_ritualfount, serial_shops, shop,
          grunt_decor_clamped
D:2:      layout_rooms, uniq_natasha, uniq_sigmund
D:3:      layout_rooms, mainiacjoe_overflow_small_starburst,
          jmf_multi_god_temple2, serial_bayou_pond_b, uniq_grinder
D:4:      minmay_inner_zag, layout_rooms, minmay_hollow_rounded_squares,
          uniq_pikel, uniq_ijyb, uniq_crazy_yiuf_cottage
D:5:      layout_rooms, serial_shops, kennysheep_little_box
D:6:      layout_layer_cave, minmay_temple_entry_proselytizer
D:7:      layout_loops_ring, mainiacjoe_overflow_alcove_4,
          general_overflow_altar, mainiacjoe_overflow_cross_hatched,
          dk_vineyard_2, uniq_joseph, uniq_maggie
D:8:      layout_loops_cross, david_lair_shrubbed, uniq_amaemon
D:9:      cheibrodos_histonic, layout_cave_pools, nicolae_looking_at_the_future
D:10:     layout_cave_pools, serial_rivers, chequers_serial_rivers_micro_a,
          chequers_serial_rivers_large_a, chequers_serial_rivers_micro_d,
          chequers_serial_rivers_micro_c, chequers_serial_rivers_large_b,
          uniq_snorg
D:11:     layout_stronghold, kennysheep_orc_monster_closet_entryway,
          nicolae_shop_firing_range
Temple:   nicolae_temple_bog_church
Lair:1:   beast_lair_carwin_large_3, layout_layer_cave, uniq_fannar
Lair:2:   lemuel_slime, layout_misc_corridors, beast_lair_carwin_8, uniq_urug
Lair:3:   layout_cave_pods, minmay_swamp_entry_swarm,
          nicolae_snake_entry_squirm, grunt_megastairs_4
Snake:1:  hangedman_cross_veins, layout_gridlike
Snake:2:  layout_onion, hangedman_corner_corridor
Snake:3:  layout_gridlike, serial_nicolae_subway, nicolae_sub_station_stone,
          nicolae_sub_station_crystal, nicolae_sub_station_metal, uniq_asterion
Orc:1:    layout_diamond_mine, serial_shops, shop, uniq_jorgrun
Orc:2:    grunt_orc_cross, layout_caves, uniq_erolcha

Skill      XL: |  1  2  3  4  5  6  7  8  9 10 11 12 13 14 15 |
---------------+----------------------------------------------+-----
Axes           | 3 5 7 8 |  8.4
Fighting       | 4 5 8 10 | 10.0
Staves         | 5 8 10 11 13 14 15 16 | 16.8
Shields        | 6 8 10 11 12 14 | 14.1
Invocations    | 2 5 7 9 10 11 | 11.8
Armour         | 5 7 9 10 | 10.4
Dodging        | 2 4 6 |  6.3

Action                     |  1- 3 |  4- 6 |  7- 9 | 10-12 | 13-15 | 16-18 || total
---------------------------+-------+-------+-------+-------+-------+-------++-------
  Melee: War axe           |    63 |   104 |    63 |       |       |       ||   230
         Unarmed           |       |     4 |       |       |       |       ||     4
         Lajatang          |       |       |   184 |   559 |  1113 |    55 ||  1911
         Flail             |       |       |       |       |     4 |       ||     4
         Eveningstar       |       |       |       |       |     4 |       ||     4
 Invoke: Heroism           |       |       |       |     5 |     6 |       ||    11
         Finesse           |       |       |       |     1 |     1 |       ||     2
Ability: Dig               |       |       |       |     1 |     1 |       ||     2
  Evoke: Wand              |       |       |       |       |     6 |       ||     6
    Use: Potion            |     1 |     1 |       |       |     7 |       ||     9
         Scroll            |       |       |    15 |     5 |     4 |       ||    24
   Stab: Paralysed         |       |       |       |       |     2 |       ||     2
 Armour: Scale mail        |    18 |       |       |       |    20 |       ||    38
         Chain mail        |     6 |    31 |    54 |    14 |    88 |     6 ||   199
         Swamp dragon scal |       |       |       |    62 |    24 |       ||    86
  Dodge: Dodged            |    25 |    68 |   212 |   400 |   281 |     5 ||   991
  Block: Buckler           |    20 |    28 |    59 |   123 |       |       ||   230
         Kite shield       |       |       |       |    95 |  1496 |    80 ||  1671

Table legend: (Time is in decaauts)
 A = Elapsed time spent in this place.
 B = Non-inter-level travel time spent in this place.
 C = Inter-level travel time spent in this place.
 D = Time resting spent in this place.
 E = Time spent auto-exploring this place.
 F = Levels seen in this place.
 G = Mean time per level.
                   A        B        C        D        E       F      G
               +--------+--------+--------+--------+--------+-----+--------+
         Total |  16578 |  15871 |    707 |    703 |  10966 |  20 |  828.9 |
       Dungeon |   9669 |   9159 |    510 |    233 |   6479 |  11 |  879.0 |
        Temple |     67 |     55 |     12 |      0 |     12 |   1 |   67.0 |
          Lair |   2760 |   2702 |     58 |      0 |   2112 |   3 |  920.0 |
     Snake Pit |   2256 |   2199 |     57 |    232 |   1439 |   3 |  752.0 |
  Orcish Mines |   1824 |   1755 |     69 |    238 |    924 |   2 |  912.0 |
               +--------+--------+--------+--------+--------+-----+--------+

Top non-repeatable levels by time:
  Lair:1: 1273 daAuts
 Snake:1: 1257 daAuts
     D:9: 1186 daAuts
    D:11: 1145 daAuts
     D:1: 1033 daAuts
     D:6: 993 daAuts
 Snake:2: 968 daAuts
   Orc:1: 966 daAuts
     D:7: 939 daAuts
     D:8: 926 daAuts
     D:4: 871 daAuts
   Orc:2: 858 daAuts
  Lair:3: 829 daAuts
     D:5: 678 daAuts
     D:3: 660 daAuts
